 Dungeon Crawl Stone Soup version 0.31-a0-960-g0fca184906 (webtiles) character file.

Game seed: 9351068088604254263

655 Azuregosa the Covert (level 7, -15/46 HPs)
             Began as an Octopode Delver on Oct 23, 2023.
             Was an Elder of Cheibriados.
             Demolished by an ogre
             ... wielding a +0 giant spiked club
              (28 damage)
             ... on level 5 of the Dungeon.
             The game lasted 00:22:15 (4445 turns).

Azuregosa the Covert (Octopode Delver)              Turns: 4445, Time: 00:22:15

Health: -15/46     AC:  1    Str: 26    XL:     7   Next: 54%
Magic:  30/30      EV: 14    Int: 24    God:    Cheibriados [****..]
Gold:   113        SH:  5    Dex: 22    Spells: 4/7 levels left

rFire   . . .        G - +3 flail (protect)
rCold   . . .        (no shield)
rNeg    . . .        (helmet restricted)
rPois   .            z - amulet of reflection
rElec   .            n - ring of magical power
rCorr   .            d - +6 ring of strength
SInv    .            x - ring of magical power
Will    .....        (no ring)
Stlth   +++++        (no ring)
HPRegen 0.27/turn    (no ring)
MPRegen 0.22/turn    (no ring)
                     (no ring)

%: reflection
@: very slow
A: almost no armour, amphibious, 8 rings, camouflage 1, gelatinous body 1,
(nimble swimmer 1), tentacles
a: Renounce Religion, Bend Time, Temporal Distortion, Slouch


You were on level 5 of the Dungeon.
You worshipped Cheibriados.
Cheibriados was greatly pleased with you.
You visited 1 branch of the dungeon, and saw 6 of its levels.

You collected 305 gold pieces.
You spent 192 gold pieces at shops.

Inventory:

Hand Weapons
 h - a +2 hand axe of pain
 m - a +0 spear
 B - a +2 mace of holy wrath
 F - a +0 mace of protection
 G - a +3 flail of protection (weapon)
Missiles
 g - a poisoned dart
 t - 57 stones
 D - 6 boomerangs
Jewellery
 d - a +6 ring of strength (right tentacle)
 l - an amulet of magic regeneration
 n - a ring of magical power (left tentacle)
 x - a ring of magical power (on tentacle)
 z - an amulet of reflection (around mantle)
Talismans
 k - a flux talisman
Wands
 e - a wand of digging (3)
 K - a wand of charming (11)
Scrolls
 a - 2 scrolls of fog
 c - 4 scrolls of fear
 j - 3 scrolls of enchant armour {unknown}
 o - 2 scrolls of identify {unknown}
 s - 2 scrolls of teleportation {unknown}
 v - a scroll of summoning {unknown}
 w - a scroll of blinking {unknown}
 y - a scroll of noise {unknown}
 E - a scroll of amnesia {unknown}
 J - a scroll of enchant weapon {unknown}
Potions
 b - 2 potions of mutation {unknown}
 f - a potion of degeneration {unknown}
 i - a potion of resistance {unknown}
 p - 2 potions of heal wounds
 q - 2 potions of curing
 r - 2 potions of brilliance {unknown}
 u - a potion of magic {unknown}
 A - a potion of berserk rage {unknown}
 C - a potion of invisibility
 H - a potion of lignification {unknown}
 I - 2 potions of ambrosia {unknown}


   Skills:
 - Level 3.0 Fighting
 - Level 1.0 Polearms
 - Level 2.0 Dodging
 - Level 8.0 Stealth
 - Level 2.0 Unarmed Combat
 + Level 0.5 Spellcasting
 + Level 0.6 Summonings
 - Level 7.6 Invocations


You had 4 spell levels left.
You knew the following spells:

 Your Spells              Type           Power      Damage    Failure   Level
a - Summon Guardian Gole  Hex/Summ       2%         N/A       36%         3

Your spell library contained the following spells:

 Spells                   Type           Power      Damage    Failure   Level
 Summon Small Mammal      Summ           12%        N/A       11%         1
 Call Canine Familiar     Summ           3%         N/A       32%         3


Dungeon Overview and Level Annotations

Branches:
Dungeon (6/15)
 Temple: D:4-7

Altars:
Cheibriados

Shops:
D:2 !   D:4 :

Annotations:
D:5 Grinder


Innate Abilities, Weirdness & Mutations

You cannot wear most types of armour.
You are amphibious.
You can wear up to eight rings at the same time.
Your skin changes colour to match your surroundings (Stealth+).
Your rubbery body absorbs attacks. (AC +1, EV +1)
((You are camouflaged when in or above water. (Stealth+)))
You have tentacles for arms and can constrict up to eight enemies at once.


Message History

You constrict the sleepcap. The sleepcap barely misses you.
The sleepcap releases spores at you.
You sock the sleepcap! You squeeze the sleepcap!
You destroy the sleepcap!
Cheibriados appreciates the change of pace.
HP restored.
You now have 113 gold pieces (gained 13).
t - 55 stones (gained 4)
J - a scroll labelled JEDYBI EFEHU
K - a wand of charming (11)
Found a stone staircase leading up.
Found a leather armour.
t - 57 stones (gained 2)
An ogre comes into view. It is wielding a +0 giant club.
An ogre comes into view. It is wielding a +0 giant spiked club.
Found an escape hatch in the floor.
Throw: 4 darts (poison)
Press: ? - help, Shift-Dir - straight line, f - ogre
Aim: an ogre, wielding a +0 giant club (asleep, 98% to hit)
You throw a poisoned dart. The poisoned dart hits the ogre.
The ogre shouts!
There are no items here.
Unknown command.
Throw: 3 darts (poison)
Press: ? - help, Shift-Dir - straight line, f/p - ogre
Aim: an ogre, wielding a +0 giant club (76% to hit)
You throw a poisoned dart. The poisoned dart hits the ogre.
The ogre shouts!
Throw: 2 darts (poison)
Press: ? - help, Shift-Dir - straight line, f/p - ogre
Aim: an ogre, wielding a +0 giant club (76% to hit)
You throw a poisoned dart.
The poisoned dart barely misses the ogre.
The ogre hits you with a +0 giant club!!
Ouch! That really hurt!
The ogre hits you with a +0 giant spiked club.
* * * LOW HITPOINT WARNING * * *
The ogre hits you with a +0 giant spiked club!!
Ouch! That really hurt!
You die...

....###.....# #......#
#....###....####....<.#
..##.#*##..........#.##
..#*..#*#...#.###..###
###,.......######..#
##,,.#....## ##...##
.#...#....#* ##.....#
...........#*#......##
.#.#.#,.....###.@....##
.#*#,,,,,......OO.....#
...*,,,,,............##
....,,,,,#.........###
.#.#..,,*#....[......#
.###*.,,,............# .#
*,,,,.((....#.#..####
,****,,,,...#.###.#..##.#
,,,*,,,,,>..##*#.....#..##


You could see 2 ogres.

Vanquished Creatures
  A nameless horror (D:5)
  Edmund (D:4)
  A black bear (D:4)
  2 orc priests
  A sleepcap (D:5)
  An iguana (D:4)
  2 orc wizards (D:4)
  4 hound zombies (D:4)
  8 adders
  3 gnolls (D:2)
  2 adder zombies (D:4)
  2 worms
  2 dart slugs (D:3)
  19 orcs
  7 ball pythons
  5 endoplasms
  2 giant cockroaches
  4 goblins
  4 hobgoblins
  6 jackals (D:1)
  5 quokkas
  7 bats
  5 frilled lizards
  6 kobolds
  6 rats
106 creatures vanquished.

Notes
Turn   | Place    | Note
-------+----------+-------------------------------------------
     0 | D:5      | Azuregosa the Octopode Delver began the quest for the Orb.
     0 | D:5      | Reached XP level 1. HP: 16/16 MP: 1/1
     2 | D:5      | Noticed an ice beast
    90 | D:2      | Found a faded altar of an unknown god.
   100 | D:2      | Reached skill level 7 in Stealth
   100 | D:2      | Reached XP level 2. HP: 19/21 MP: 2/2
   104 | D:2      | Prayed at the altar of an unknown god.
   104 | D:2      | Became a worshipper of Cheibriados the Contemplative
   104 | D:2      | Reached * piety under Cheibriados
   265 | D:1      | Reached XP level 3. HP: 11/26 MP: 3/3
   472 | D:1      | Reached ** piety under Cheibriados
   547 | D:1      | Reached skill level 8 in Stealth
   759 | D:2      | Found Baijuxkeo's Distillery.
   773 | D:2      | Reached skill level 1 in Invocations
   848 | D:2      | Reached XP level 4. HP: 18/31 MP: 5/5
  1042 | D:2      | Bought a potion of heal wounds for 60 gold pieces
  1042 | D:2      | Bought a potion of curing for 36 gold pieces
  1189 | D:1      | Reached *** piety under Cheibriados
  1892 | D:3      | Reached XP level 5. HP: 29/36 MP: 7/7
  2141 | D:3      | Reached **** piety under Cheibriados
  2351 | D:4      | Reached skill level 5 in Invocations
  2389 | D:4      | Reached XP level 6. HP: 42/42 MP: 9/9
  2798 | D:2      | Bought a potion of invisibility for 96 gold pieces
  2862 | D:4      | Found Sapax's Self-Improvement Boutique.
  3373 | D:4      | Noticed a black bear
  3384 | D:4      | Killed a black bear
  3385 | D:4      | Reached XP level 7. HP: 17/46 MP: 12/12
  3548 | D:4      | Noticed Edmund
  3562 | D:4      | Killed Edmund
  3810 | D:4      | Reached skill level 1 in Polearms
  3966 | D:4      | Learned a level 3 spell: Summon Guardian Golem
  4158 | D:5      | Noticed Grinder
  4161 | D:5      | Noticed a nameless horror
  4166 | D:5      | Killed a nameless horror
  4445 | D:5      | Demolished by an ogre

Illustrated notes

Levels and vault maps discovered:
D:1:      mrwooster_arrival_statue, layout_basic, chequers_jeans, minivault_24
D:2:      layout_loops_ring, basic_ecumenical_altar, serial_shops,
          nicolae_shop_tiny_glass, st_stairs_6
D:3:      layout_basic
D:4:      layout_gridville, mainiacjoe_ossuary_entry_find_the_door,
          minmay_misc_feat_ornament, nicolae_shop_self_help, uniq_edmund
D:5:      layout_cave_pools, uniq_grinder
D:6:      layout_basic, serial_corexii_hall, corexii_hall_statues_l,
          corexii_hall_statues_t

Skill      XL: |  1  2  3  4  5  6  7 |
---------------+----------------------+-----
Stealth        | 7 8 |  8.0
Invocations    | 2 3 5 6 7 |  7.6
Polearms       | 1 |  1.0
Fighting       | |  3.0
Dodging        | |  2.0
Unarmed Combat | |  2.0
Spellcasting   | |  0.5
Summonings     | |  0.6

Action                     |  1- 3 |  4- 6 |  7- 9 || total
---------------------------+-------+-------+-------++-------
  Melee: Unarmed           |    62 |       |       ||    62
         Constrict         |    17 |    47 |     4 ||    68
         Tentacles         |    16 |    30 |    10 ||    56
         Punch             |     1 |     1 |     1 ||     3
         Spear             |     3 |   140 |    13 ||   156
         Flail             |       |       |    14 ||    14
  Throw: Stone             |       |     1 |       ||     1
         Dart              |       |       |     3 ||     3
 Invoke: Slouch            |       |       |     1 ||     1
    Use: Scroll            |     1 |       |       ||     1
   Stab: Sleeping          |    12 |    15 |     4 ||    31
         Distracted        |       |     2 |       ||     2
 Armour: Skin              |    32 |    64 |    15 ||   111
  Dodge: Dodged            |    34 |    93 |    15 ||   142
  Block: Other             |       |    21 |     3 ||    24

Table legend: (Time is in decaauts)
 A = Elapsed time spent in this place.
 B = Non-inter-level travel time spent in this place.
 C = Inter-level travel time spent in this place.
 D = Time resting spent in this place.
 E = Time spent auto-exploring this place.
 F = Levels seen in this place.
 G = Mean time per level.
                   A        B        C        D        E       F      G
               +--------+--------+--------+--------+--------+-----+--------+
         Total |   6230 |   5729 |    501 |   1094 |   3040 |   6 | 1038.3 |
       Dungeon |   6230 |   5729 |    501 |   1094 |   3040 |   6 | 1038.3 |
               +--------+--------+--------+--------+--------+-----+--------+

Top non-repeatable levels by time:
     D:4: 2232 daAuts
     D:2: 1335 daAuts
     D:1: 1197 daAuts
     D:3: 1125 daAuts
     D:5: 338 daAuts
     D:6: 1 daAuts
